 Dungeon Crawl Stone Soup version 0.27.1-15-g792fb953b9 (webtiles) character file.

Game seed: 8947611040625808643

84 ces the Skirmisher (level 4, 0/34 HPs)
             Began as a Djinni Wanderer on Nov 19, 2021.
             Slain by a kobold (1 damage)
             ... on level 6 of the Dungeon.
             The game lasted 00:08:51 (3915 turns).

ces the Skirmisher (Djinni Wanderer)                Turns: 3915, Time: 00:08:51

Health: 0/34       AC:  2    Str: 13    XL:     4   Next: 72%
Gold:   113        EV: 12    Int: 12    God:
                   SH:  0    Dex: 13

rFire    + + .     SeeInvis .     - Unarmed
rCold    x . .     Faith    .   (no shield)
rNeg     . . .     Spirit   .   c - +0 robe
rPois    ∞         Reflect  .   (no helmet)
rElec    .         Harm     .   (no cloak)
rCorr    .         Rampage  .   (no gloves)
Will     .....                  (boots unavailable)
Stlth    +.........             (no amulet)
HPRegen  0.11/turn              (no ring)
MPRegen  0.00/turn              (no ring)

@: mighty, flying
A: sickness immunity, fire resistance 2, cold vulnerability 1, float, innate
caster, hp casting, extra vitality 1
a: no special abilities


You were on level 6 of the Dungeon.
You visited 1 branch of the dungeon, and saw 4 of its levels.

You collected 113 gold pieces.

Inventory:

Armour
 c - a +0 robe (worn)
Jewellery
 i - a ring of see invisible
Scrolls
 h - a scroll of blinking {unknown}
 j - a scroll of brand weapon {unknown}
 k - a scroll of vulnerability {unknown}
Potions
 a - a potion of flight {unknown}
 b - a potion of brilliance {unknown}
 e - a potion of haste {unknown}
 f - a potion of might
 g - a potion of resistance {unknown}


   Skills:
 + Level 2.8 Fighting
 - Level 1.0 Bows
 + Level 2.4 Armour
 + Level 1.2 Dodging
 + Level 0.7 Stealth
 - Level 1.0 Shields
 * Level 2.1 Unarmed Combat
 - Level 2.4 Spellcasting
 + Level 1.2 Evocations


You couldn't memorise any spells.
You knew the following spells:

 Your Spells              Type           Power      Damage    Failure   Level
a - Magic Dart            Conj           28%        1d4       10%         1
b - Blink                 Tloc           N/A        N/A       14%         2
c - Call Imp              Summ           7%         N/A       14%         2
d - Slow                  Hex            7%         N/A       14%         2
e - Conjure Flame         Conj/Fire      7%         6-21      28%         3
f - Mephitic Cloud        Conj/Pois/Air  7%         N/A       28%         3
x - Summon Small Mammal   Summ           28%        N/A       10%         1

Your spell library contained the following spells:

 Spells                   Type           Power      Damage    Failure   Level


Dungeon Overview and Level Annotations

Branches:
Dungeon (3/15)

Altars:

Annotations:
D:3 Sigmund


Innate Abilities, Weirdness & Mutations

You are immune to sickness and miasma.
You are immune to poison.
Your flesh is very heat resistant. (rF++)
You are vulnerable to cold. (rC-)
You float through the air rather than walking.
You learn spells naturally, not from books.
Your magical power is your life essence.
You have superior vitality. (+4 HP)


Message History

* * * LOW HITPOINT WARNING * * *
You feel better. The kobold closely misses you.
You feel better.
The howler monkey hoots and howls with incredible vigour!
The kobold hits you with a +0 dagger. The kobold barely misses you.
You hear an angry hiss.
You hear a bark!
Casting: Blink (safe; 14% risk of failure)
Confirm with . or Enter, or press ? or * to list all spells.
You blink.
A kobold and a kobold brigand come into view.
The kobold brigand is wielding a +1 dagger of venom and quivering poisoned darts.
The kobold shouts!
The hobgoblin hits you with a +0 club.
Your shadow imp closely misses the kobold.
A kobold comes into view. It is wielding a +0 club.
Casting: Blink (safe; 14% risk of failure)
Confirm with . or Enter, or press ? or * to list all spells.
You blink.
* * * LOW HITPOINT WARNING * * *
Something hits your crimson imp but does no damage.
Casting: Blink (safe; 14% risk of failure)
Confirm with . or Enter, or press ? or * to list all spells.
You blink.
* * * LOW HITPOINT WARNING * * *
Your crimson imp blinks!
The hobgoblin hits you with a +0 club.
* * * LOW HITPOINT WARNING * * *
The kobold hits you with a +0 dagger.
* * * LOW HITPOINT WARNING * * *
The kobold completely misses you.
Okay, then.
It was a potion of might.
You feel very mighty all of a sudden.
Your crimson imp blinks!
The hobgoblin hits you with a +0 club.
* * * LOW HITPOINT WARNING * * *
An adder comes into view.
The howler monkey hits you but does no damage.
The kobold hits you with a +0 dagger.
You die...

..# #####.... ..##
#........
##.K#≈###.##..###
#K.##≈...........
##.K#≈≈.#.......#
#§.##≈≈#.#.#....#
#..#≈≈≈≈.#......#
#g.#≈≈≈≈S..##.....
#@K#≈≈≈≈.#h###..##
#hK##≈≈#.#.# ..h.
###KK#≈≈..#.# ....
#§#..#≈.###.# ##..
#.#Z5#..###.# ##
#.5.....5...#
#######.#.###
#.###.# #.# #.#


You could see a kobold brigand, a howler monkey (ally target), an adder, a
howler monkey zombie, a hobgoblin, 6 kobolds and a friendly crimson imp
(summoned).

Vanquished Creatures
  An adder (D:2)
  A dart slug (D:1)
  6 ball pythons
  7 bats
  5 endoplasms
  5 hobgoblins
  5 kobolds
  2 frilled lizards (D:2)
  2 goblins
  2 rats (D:2)
36 creatures vanquished.

Vanquished Creatures (collateral kills)
  4 gnolls (D:2)
  2 adders (D:2)
  A kobold (D:6)
7 creatures vanquished.

Grand Total: 43 creatures vanquished

Notes
Turn   | Place    | Note
-------+----------+-------------------------------------------
     0 | D:1      | ces the Djinni Wanderer began the quest for the Orb.
     0 | D:1      | Reached XP level 1. HP: 18/18 MP: 0/0
   634 | D:1      | Reached XP level 2. HP: 21/23 MP: 0/0
   795 | D:1      | Reached skill level 1 in Unarmed Combat
  1507 | D:1      | Reached XP level 3. HP: 16/29 MP: 0/0
  1507 | D:1      | Learned a level 1 spell: Summon Small Mammal
  2706 | D:2      | Reached XP level 4. HP: 28/34 MP: 0/0
  2773 | D:2      | Reached skill level 1 in Dodging
  3150 | D:2      | Found a faded altar of an unknown god.
  3872 | D:3      | Noticed Sigmund
  3879 | D:3      | You are sucked into a shaft and drop 3 floors!
  3909 | D:6      | HP: 1/34 [kobold (1)]
  3912 | D:6      | Noticed a kobold brigand
  3915 | D:6      | HP: 1/34 [hobgoblin (3)]
  3915 | D:6      | Slain by a kobold

Illustrated notes

Levels and vault maps discovered:
D:1:      shiori_arrival_elements, layout_basic, chequers_serial_rivers_room_b
D:2:      layout_rooms, hellmonk_ecumenical_altar_run_dry,
          hangedman_decor_slide_cut, minmay_pentomino_pile
D:3:      layout_loops_ring, nicolae_qazlal_scattered_showers,
          minmay_divided_ellipse, uniq_sigmund, uniq_grinder
D:6:      cheibrodos_thug_alley, layout_loops_cross,
          mainiacjoe_overflow_alcove_4, gammafunk_temple_overflow_pools

Skill      XL: |  1  2  3  4 |
---------------+-------------+-----
Unarmed Combat | 1 2 |  2.1
Dodging        | 1 |  1.2
Fighting       | |  2.8
Bows           | |  1.0
Armour         | |  2.4
Stealth        | |  0.7
Shields        | |  1.0
Spellcasting   | |  2.4
Evocations     | |  1.2

Action                   |  1- 3 |  4- 6 || total
-------------------------+-------+-------++-------
Melee: Unarmed           |     9 |     1 ||    10
 Cast: Magic Dart        |    88 |    23 ||   111
       Summon Small Mamm |     3 |     2 ||     5
       Call Imp          |     2 |    13 ||    15
       Blink             |       |     5 ||     5
  Use: Scroll            |     1 |       ||     1
       Potion            |       |     3 ||     3
 Stab: Sleeping          |     1 |       ||     1
Armor: Robe              |     4 |     3 ||     7
Dodge: Dodged            |    16 |    10 ||    26
